 Dungeon Crawl Stone Soup version 0.25-a0-869-g05d4e06 (webtiles) character file.

Game seed: 4581537166903221361, levelgen mode: deterministic

72 Kurtz the Skirmisher (level 4, 0/37 HPs)
             Began as a Mummy Chaos Knight on Apr 30, 2020.
             Was a Plaything of Xom.
             Slain by an adder (3 damage)
             ... on level 3 of the Dungeon.
             The game lasted 00:01:49 (1730 turns).

Kurtz the Skirmisher (Mummy Chaos Knight)           Turns: 1730, Time: 00:01:50

Health: 0/37       AC: 11    Str: 16    XL:     4   Next: 7%
Magic:  4/4        EV:  5    Int: 11    God:    Xom [.*....]
Gold:   153        SH:  0    Dex: 11    Spells: 3/3 levels left

rFire    x . .     SeeInvis .   a - +0 mace (chaos)
rCold    + . .     Gourm    .   (no shield)
rNeg     + + +     Faith    .   e - +1 plate armour
rPois    ∞         Spirit   .   (no helmet)
rElec    .         Reflect  .   (no cloak)
rCorr    .         Harm     .   (no gloves)
MR       .....                  (no boots)
Stlth    ..........             h - amulet of magic regeneration
HPRegen  0.12/turn              (no ring)
MPRegen  0.34/turn              (no ring)

@: very slightly contaminated
A: no food or potions, fire vulnerability, cold resistance 1, negative energy
resistance 3, torment resistance, unbreathing
a: Renounce Religion


You were on level 3 of the Dungeon.
You worshipped Xom.
You were a plaything of Xom.
You were not hungry.

You visited 1 branch of the dungeon, and saw 3 of its levels.

You collected 153 gold pieces.

Inventory:

Hand Weapons
 a - a +0 mace of chaos (weapon)
Armour
 b - a +2 leather armour
 e - a +1 plate armour (worn)
Jewellery
 h - an amulet of magic regeneration (around neck)
Scrolls
 c - 2 scrolls of remove curse
 d - 3 scrolls of identify


   Skills:
 - Level 3.6 Fighting
 - Level 3.2 Maces & Flails
 - Level 1.5 Armour
 * Level 1.7 Dodging


You had 3 spell levels left.
You didn't know any spells.
Your spell library was empty.

Dungeon Overview and Level Annotations

Branches:
Dungeon (3/15)

Altars:


Innate Abilities, Weirdness & Mutations

You do not eat or drink.
Your flesh is vulnerable to fire.
You are immune to poison.
Your flesh is cold resistant. (rC+)
You are immune to negative energy. (rN+++)
You are immune to unholy pain and torment.
You can survive without breathing.


Message History

The leopard gecko hisses angrily.
As you read the scroll labeled SOHEGG QAFIFF, it crumbles to dust.
Your bandages flutter.
It was a scroll of random uselessness.
The adder bites you.
* * * LOW HITPOINT WARNING * * *
Unknown command.
You hit the adder.
The adder is lightly wounded.
The adder bites you but does no damage.
The leopard gecko hisses menacingly.
The leopard gecko barely misses you. The adder bites you but does no damage.
Unknown command.
Your plate armour prevents you from hitting the leopard gecko.
The leopard gecko bites you but does no damage. x2
The adder barely misses you. The leopard gecko barely misses you.
The leopard gecko bites you but does no damage.
The leopard gecko closely misses you. The leopard gecko bites you.
* * * LOW HITPOINT WARNING * * *
The adder bites you.
You die...

#......$.##.###.......#
................S.l...#
....###..).##.#.......#
##. #.### .#.......# #
.. #####.## .#. ####5#
##5...# ##lS#### ##l@##
#.l## #.## ... .....
....... ....... ..(....
.......


You could see an iron imp, an adder, an ufetubus and 3 leopard geckos.

Vanquished Creatures
  3 adders
  An ooze (D:2)
  A worm (D:3)
  A dart slug (D:1)
  A ball python (D:3)
  6 bats
  2 giant cockroaches
  A goblin (D:1)
  6 hobgoblins
  A quokka (D:2)
  A frilled lizard (D:2)
  8 kobolds
  5 rats
37 creatures vanquished.

Notes
Turn   | Place    | Note
-------+----------+-------------------------------------------
     0 | D:1      | Kurtz the Mummy Chaos Knight began the quest for the Orb.
     0 | D:1      | Reached XP level 1. HP: 18/18 MP: 1/1
    51 | D:1      | XOM: silly message
   124 | D:1      | XOM: silly message
   141 | D:1      | XOM: butterfly on damage
   356 | D:1      | Reached XP level 2. HP: 24/24 MP: 2/2
  1044 | D:2      | Reached XP level 3. HP: 27/29 MP: 3/3
  1228 | D:2      | XOM: god gift: cyan potion {god gift}
  1481 | D:3      | Reached skill level 1 in Dodging
  1528 | D:3      | XOM: noise
  1665 | D:3      | XOM: 1-stop teleportation journey
  1671 | D:3      | XOM: confuse monster(s)
  1672 | D:3      | Reached XP level 4. HP: 19/37 MP: 4/4
  1706 | D:3      | XOM: summons 3 hostile demons
  1730 | D:3      | Slain by an adder

Levels and vault maps discovered:
D:1:      lemuel_arrival_tunnels, layout_loops_cross
D:2:      layout_loops_ring, first_ration
D:3:      layout_rooms, hangedman_decor_clover_reticule, serial_park_tiny_2

Skill      XL: |  1  2  3 |
---------------+----------+-----
Maces & Flails | 3 |  3.2
Dodging        | 1 |  1.7
Fighting       | |  3.6
Armour         | |  1.5

Action                   |  1- 3 |  4- 6 || total
-------------------------+-------+-------++-------
Melee: Mace              |   132 |    11 ||   143
  Use: Scroll            |       |     4 ||     4
 Stab: Sleeping          |     1 |       ||     1
Armor: Leather armour    |    43 |       ||    43
       Plate armour      |    40 |    25 ||    65
Dodge: Dodged            |    70 |    11 ||    81

Table legend:
 A = Non-vault XP
 B = Vault XP
 C = Vault XP percentage of total XP
 D = Non-vault monster count
 E = Vault monster count
 F = Vault count percentage of total count
                 A         B        C        D         E       F
            +---------+---------+-------+---------+---------+-------
      Total |     104 |       0 |   0.0 |      37 |       0 |   0.0
            +---------+---------+-------+---------+---------+-------
        D:1 |      26 |       0 |   0.0 |      16 |       0 |   0.0
        D:2 |      39 |       0 |   0.0 |      13 |       0 |   0.0
        D:3 |      39 |       0 |   0.0 |       8 |       0 |   0.0
            +---------+---------+-------+---------+---------+-------
